AoeStats
← fdsalamanca

Arabia

510254547Analyzed
1v1 RM · 9h ago on Sep 30, 2026· 51m 7s· 2 players
Game mode
Random Map
Map size
Tiny (2 player)
Population
200
Speed
Normal
Resources
Standard
Victory
Conquest
Starting age
Dark Age
Ending age
Imperial Age
RankedLock teamsTeams togetherTeam positionsShared explorationLock speedFull tech treeHidden civsTurbo modeCheats
Victory
Defeat
🇨🇱 Mongols · Chile
1094
+18
🇲🇽 Saracens · Mexico
1135
-18
pix78
7:30 Loom
9:43 Feudal Age
10:42 Double-Bit Axe
18:02 Wheelbarrow
20:51 Castle Age
20:40 Forging
21:26 Bloodlines
24:37 Horse Collar
26:07 Husbandry
27:37 Scale Barding Armor
28:14 Heavy Plow
31:41 Bow Saw
32:13 Chain Barding Armor
32:33 Iron Casting
33:46 Gold Mining
34:34 Hand Cart
34:37 Town Watch
35:43 Gold Shaft Mining
34:59 Stone Mining
38:39 Imperial Age
39:59 Plate Barding Armor
40:26 Blast Furnace
39:50 Conscription
40:20 Squires
39:40 Pikeman
40:23 Elite Mameluke
43:05 Scale Mail Armor
42:56 Fletching
43:06 Padded Archer Armor
fdsalamanca
8:27 Feudal Age
8:55 Double-Bit Axe
9:41 Loom
15:14 Horse Collar
19:14 Castle Age
18:23 Bloodlines
20:24 Bow Saw
20:17 Heavy Plow
22:07 Wheelbarrow
21:31 Gold Mining
22:40 Scale Barding Armor
23:52 Husbandry
25:02 Chain Barding Armor
24:35 Fletching
25:59 Bodkin Arrow
27:24 Padded Archer Armor
29:11 Hand Cart
30:17 Gold Shaft Mining
30:11 Thumb Ring
31:16 Ballistics
30:49 Town Watch
32:04 Leather Archer Armor
31:17 Light Cavalry
34:08 Town Patrol
37:41 Imperial Age
36:12 Stone Mining
38:32 Bracer
38:30 Heavy Cavalry Archer
39:29 Forging
40:35 Parthian Tactics
41:44 Chain Barding Armor
42:00 Iron Casting
41:44 Arson
41:47 Hussar
Connection lost

Rejoining the realm…

Still unreachable

The connection could not be restored.

Session expired

The server has moved on; the page needs a fresh start.